 Dungeon Crawl Stone Soup version 0.17.1-2-g5865329 (webtiles) character file.

1300 Glider the Martial Artist (level 8, -9/54 HPs)
             Began as an Octopode Monk on Jan 20, 2016.
             Was an Elder of Cheibriados.
             Mangled by a gnoll
             ... wielding a +0 spear
              (10 damage)
             ... on level 7 of the Dungeon.
             The game lasted 00:17:31 (6287 turns).

Glider the Martial Artist (Octopode Monk)           Turns: 6287, Time: 00:17:31

Health: -9/54      AC:  1    Str: 20    XL:     8   Next: 57%
Magic:  8/8        EV: 15    Int: 22    God:    Cheibriados [****..]
Gold:   130        SH:  0    Dex: 24    Spells: 0 memorised, 7 levels left

rFire  . . .     SeeInvis .       - Unarmed
rCold  + . .     Clarity  .     (no shield)
rNeg   . . .     SustAt   .     (helmet restricted)
rPois  .         Gourm    .     (no amulet)
rElec  .         Spirit   .     n - ring of protection from cold
rCorr  .         Warding  .     (no ring)
rMut   .         Stasis   .     (no ring)
MR     .....                    (no ring)
Stlth  +++++.....               (no ring)
                                (no ring)
                                (no ring)
                                (no ring)

@: very slow, not resistant to hostile enchantments, quite stealthy
A: almost no armour, amphibious, 8 rings, constrict 8, camouflage 1, gelatinous
body 1
a: Bend Time, Temporal Distortion, Slouch, Renounce Religion


You were on level 7 of the Dungeon.
You worshipped Cheibriados.
Cheibriados was greatly pleased with you.
You were not hungry.

You visited 1 branch of the dungeon, and saw 7 of its levels.

You collected 195 gold pieces.
You spent 65 gold pieces at shops.

Inventory:

Missiles
 y - 10 tomahawks (quivered)
Jewellery
 h - a +3 ring of intelligence {unknown}
 n - a ring of protection from cold (left tentacle)
Wands
 i - a wand of draining (1)
 x - a wand of polymorph (7)
Scrolls
 b - a scroll of fear
 d - 3 scrolls of enchant armour
 e - a scroll of fog {unknown}
 f - 3 scrolls of teleportation
 g - 3 scrolls of amnesia {unknown}
 k - a scroll of enchant weapon {unknown}
 l - a scroll of recharging
 r - 5 scrolls of blinking
 u - 9 scrolls of remove curse
Potions
 c - a potion of cancellation
 p - 5 potions of curing
 s - a potion of agility {unknown}
 t - a potion of brilliance
 v - a potion of mutation {unknown}
 C - a potion of flight
 D - a potion of heal wounds
Comestibles
 a - 6 bread rations
 j - 7 meat rations
 m - 7 fruits


   Skills:
 * Level 3.8 Fighting
 * Level 3.5 Dodging
 - Level 5.0 Stealth
 - Level 10.0 Unarmed Combat
 - Level 0.4 Evocations


You had 7 spell levels left.
You didn't know any spells.

Dungeon Overview and Level Annotations

Branches:
Dungeon (7/15)             Temple (0/1) D:6

Altars:
Ashenzari
Cheibriados
Fedhas
Kikubaaqudgha
Makhleb
Nemelex Xobeh
Okawaru
Qazlal
Sif Muna
Trog
Vehumet
Zin

Shops:
D:6 **   D:7 %


Innate Abilities, Weirdness & Mutations

You cannot wear most types of armour.
You are amphibious.
You can wear up to eight rings at the same time.
You can use your tentacles to constrict eight enemies at once.
Your skin changes colour to match your surroundings (Stealth).
Your rubbery body absorbs attacks (AC +1).


Message History

The gnoll completely misses you. The gnoll closely misses you.
You tentacle-slap the gnoll but do no damage.
You squeeze the gnoll, but do no damage.
The gnoll is heavily wounded.
You constrict the gnoll. The gnoll closely misses you.
You release your grip on the gnoll.
The gnoll hits you from afar with a spear.
The gnoll sergeant closely misses you.
The gnoll hits you from afar with a spear!
* * * LOW HITPOINT WARNING * * *
The gnoll misses you. The gnoll closely misses you.
The gnoll sergeant closely misses you. The gnoll barely misses you.
The gnoll hits you from afar with a halberd!
* * * LOW HITPOINT WARNING * * *
There is an open door, spattered with blood here.
The gnoll sergeant hits you from afar with a spear.
* * * LOW HITPOINT WARNING * * *
The gnoll hits you from afar with a spear!
You die...

*,,,****#....#####.....#
*,***
*,,,,,,*#....#####.....#
*,,,*
*,*,,*,*####...........#
***,*
,,**,*,#####.......#####
*,* *,**,*,............#
*,* *,**,**#####....g..#
###+## ,,**,,* #...ggg.#
**#..... *****,*
#.###'##### *,+.....
,<,**,** #.# #@#...##
*,#..... ,,,**,,****#.#
#...∩..# *,#.....
,,,***,*,,,..* ###....#
*,#..... ,,,,,*,,,,,.,*
###..# *,#.....
,,,,,**,,,,,,* #.##
*,#..... ,,,,,**,,,,,,*
#.#####+#.....
,,,,,**,,,,,,*
#.#.......##..
,,,,,***,,,,,*
##'#.......##.# ,,,,,*
*,,,,,* #..........##.#


You could see a gnoll sergeant and 3 gnolls.

Vanquished Creatures
  A hungry ghost (D:7)
  Edmund (D:4)
  An orc warrior (D:6)
  A phantom (D:4)
  A sky beast (D:6)
  An ogre (D:5)
  A scorpion (D:4)
  2 hounds
  2 centaur skeletons
  2 orc priests
  Crazy Yiuf (D:4)
  A giant frog skeleton (D:4)
  2 orc wizards
  2 iguanas
  3 worker ants (D:4)
  A hound skeleton (D:5)
  8 adders
  2 oozes (D:2)
  2 adder skeletons
  5 worms
  8 giant geckos
  17 orcs
  4 giant cockroaches
  3 hobgoblins
  6 jackals
  6 quokkas
  3 ball pythons
  3 bats
  5 giant newts
  9 goblins
  8 kobolds
  4 rats
116 creatures vanquished.

Notes
Turn   | Place    | Note
--------------------------------------------------------------
     0 | D:1      | Glider the Octopode Monk began the quest for the Orb.
     0 | D:1      | Reached XP level 1. HP: 16/16 MP: 1/1
    75 | D:1      | Reached XP level 2. HP: 19/21 MP: 2/2
   574 | D:1      | Reached XP level 3. HP: 26/26 MP: 3/3
   676 | D:2      | Found a radiant altar of Vehumet.
   715 | D:2      | Reached skill level 5 in Stealth
   737 | D:2      | Found a snail-covered altar of Cheibriados.
   740 | D:2      | Found a shattered altar of Ashenzari.
  1063 | D:2      | Found a deep blue altar of Sif Muna.
  1109 | D:2      | Found a bloodstained altar of Trog.
  1409 | D:2      | Found a faded altar to an unknown god.
  1498 | D:2      | Reached XP level 4. HP: 31/31 MP: 4/4
  1666 | D:3      | Found a sparkling altar of Nemelex Xobeh.
  1784 | D:3      | Found an iron altar of Okawaru.
  1940 | D:2      | Became a worshipper of Cheibriados the Contemplative
  1940 | D:2      | Reached * piety under Cheibriados
  1940 | D:2      | Reached ** piety under Cheibriados
  2191 | D:3      | Reached skill level 5 in Unarmed Combat
  2505 | D:3      | Reached XP level 5. HP: 33/36 MP: 5/5
  2668 | D:4      | Noticed Edmund
  2864 | D:4      | Reached skill level 6 in Unarmed Combat
  2937 | D:4      | Reached XP level 6. HP: 24/42 MP: 6/6
  3107 | D:4      | Noticed a phantom
  3126 | D:4      | Killed a phantom
  3126 | D:4      | Reached skill level 7 in Unarmed Combat
  3218 | D:4      | Found a burning altar of Makhleb.
  3508 | D:4      | Killed Edmund
  3508 | D:4      | Reached XP level 7. HP: 46/46 MP: 7/7
  3537 | D:4      | Reached skill level 8 in Unarmed Combat
  3558 | D:4      | Noticed Crazy Yiuf
  3563 | D:4      | Killed Crazy Yiuf
  3749 | D:4      | Reached *** piety under Cheibriados
  3772 | D:4      | Found an ancient bone altar of Kikubaaqudgha.
  3772 | D:4      | Found a blossoming altar of Fedhas.
  3944 | D:4      | Found a stormy altar of Qazlal.
  3947 | D:4      | Noticed an air elemental
  3947 | D:4      | Noticed a water elemental
  3947 | D:4      | Noticed a fire elemental
  3957 | D:4      | Found a glowing silver altar of Zin.
  3979 | D:5      | Entered Level 5 of the Dungeon
  4962 | D:6      | Reached skill level 9 in Unarmed Combat
  5000 | D:6      | Reached XP level 8. HP: 36/52 MP: 8/8
  5488 | D:6      | Reached **** piety under Cheibriados
  5507 | D:6      | Found a glowing silver altar of Zin.
  5507 | D:6      | Noticed an angel
  5512 | D:6      | Found Xuhint's Hallowed Reliquary.
  5516 | D:6      | Bought a potion of heal wounds for 65 gold pieces
  5623 | D:6      | Reached skill level 10 in Unarmed Combat
  5749 | D:6      | Found a staircase to the Ecumenical Temple.
  5911 | D:6      | Found Tocal's Assorted Antiques.
  6218 | D:7      | Found Obityruy's Food Shoppe.
  6286 | D:7      | HP: 2/54 [gnoll/halberd (14)]
  6287 | D:7      | Mangled by a gnoll

Action                   |  1- 3 |  4- 6 |  7- 9 || total
-------------------------+-------+-------+-------++-------
Melee: Unarmed           |    82 |   105 |    99 ||   286
Throw: Tomahawk          |       |       |     5 ||     5
Evoke: Wand              |       |     3 |       ||     3
  Use: Scroll            |       |     9 |     8 ||    17
 Stab: Sleeping          |    13 |    10 |     7 ||    30
       Distracted        |       |       |     2 ||     2
  Eat: Chunk             |     2 |     3 |     6 ||    11
